AoeStats
← EiskalterEngel

Black Forest

509200435Analyzed
4v4 RM · 7d ago on Sep 25, 2026· 55m 2s· 8 players
Game mode
Random Map
Map size
Large (8 player)
Population
200
Speed
Normal
Resources
Standard
Victory
Conquest
Starting age
Dark Age
Ending age
Imperial Age
RankedLock teamsTeams togetherTeam positionsShared explorationLock speedFull tech treeHidden civsTurbo modeCheats
Victory
Defeat
🇬🇧 Varangians · United Kingdom
1098
+13
🇬🇧 Bulgarians · United Kingdom
1082
+14
🇬🇧 Britons · United Kingdom
1074
+14
🇩🇪 Slavs · Germany
987
+19
🇩🇪 Vikings · Germany
1088
-17
🇩🇪 Armenians · Germany
1039
-15
🇨🇳 Mongols · China
1018
-14
🇩🇪 Huns · Germany
1002
-14
Evil_Tehrana
3:01 Loom
10:49 Feudal Age
11:21 Double-Bit Axe
12:22 Horse Collar
18:47 Castle Age
17:23 Forging
17:35 Gold Mining
18:46 Scale Mail Armor
21:18 Squires
23:22 Arson
24:30 Chain Mail Armor
24:18 Town Watch
28:08 Iron Casting
29:09 Heavy Plow
30:32 Bow Saw
30:28 Stone Mining
33:16 Imperial Age
32:29 Treadmill Crane
33:44 Gold Shaft Mining
33:46 Elite Varangian Guard
37:19 Plate Mail Armor
40:04 Ballistics
40:44 Chemistry
39:43 Murder Holes
39:16 Pikeman
40:53 Conscription
45:10 Two-Man Saw
45:10 Coinage
45:57 Fervor
46:39 Fishing Lines
50:07 Chieftains
52:44 Crop Rotation
Kampfgnom
0:38 Loom
12:43 Feudal Age
15:46 Man-at-Arms
16:48 Scale Mail Armor
16:44 Long Swordsman
17:15 Arson
28:50 Town Watch
32:18 Castle Age
30:32 Double-Bit Axe
30:34 Horse Collar
38:33 Chain Mail Armor
38:11 Fletching
38:54 Bodkin Arrow
39:46 Padded Archer Armor
41:48 Ballistics
42:15 Leather Archer Armor
43:42 Heavy Plow
50:24 Imperial Age
51:50 Bracer
52:21 Ring Archer Armor
52:36 Wheelbarrow
52:02 Crossbowman
EiskalterEngel
12:14 Feudal Age
17:06 Castle Age
16:24 Horse Collar
16:33 Double-Bit Axe
19:07 Wheelbarrow
25:23 Heavy Plow
28:13 Bow Saw
31:39 Imperial Age
31:59 Elite Tarkan
33:03 Conscription
34:12 Marauders
34:46 Hand Cart
34:49 Caravan
38:04 Forging
38:00 Scale Barding Armor
39:21 Iron Casting
40:11 Chain Barding Armor
48:44 Light Cavalry
49:34 Hussar
51:12 Plate Barding Armor
_xy_2252
0:48 Loom
11:47 Feudal Age
13:19 Wheelbarrow
13:10 Town Watch
13:16 Double-Bit Axe
16:11 Castle Age
15:20 Horse Collar
15:24 Fishing Lines
18:59 Hand Cart
22:38 Gold Mining
22:43 Stone Mining
23:09 Gillnets
24:31 Stone Shaft Mining
24:45 Gold Shaft Mining
24:36 Bow Saw
30:46 Imperial Age
29:14 Padded Archer Armor
29:06 Fletching
30:11 Fortified Wall
30:22 Ballistics
31:07 Nomads
31:08 Onager
31:57 Town Patrol
32:49 Drill
33:32 Caravan
35:03 Leather Archer Armor
34:48 Elite Mangudai
35:30 Bodkin Arrow
35:59 Siege Onager
37:12 Bracer
38:35 Scale Barding Armor
38:43 Forging
50:12 Light Cavalry
50:59 Husbandry
51:24 Bloodlines
51:46 Hussar
54:12 Iron Casting
54:37 Chain Barding Armor
56:31 Blast Furnace
LeightonDunk11
0:26 Loom
11:59 Feudal Age
13:03 Double-Bit Axe
13:28 Arson
13:46 Horse Collar
21:59 Wheelbarrow
24:43 Castle Age
23:30 Forging
23:20 Scale Mail Armor
30:53 Bow Saw
32:35 Iron Casting
32:59 Fletching
35:32 Gambesons
36:21 Chain Mail Armor
37:33 Squires
43:48 Imperial Age
42:36 Scale Barding Armor
42:37 Stirrups
43:40 Chain Barding Armor
43:35 Bloodlines
43:26 Husbandry
45:38 Plate Mail Armor
46:49 Plate Barding Armor
49:26 Caravan
52:11 Gold Mining
54:07 Blast Furnace
iGSOjDaJuiceMan
4:18 Loom
11:37 Feudal Age
16:48 Castle Age
16:07 Double-Bit Axe
20:40 Husbandry
24:33 Bow Saw
26:37 Horse Collar
27:59 Forging
30:52 Bloodlines
30:59 Heavy Plow
32:04 Wheelbarrow
37:41 Imperial Age
37:41 Iron Casting
37:12 Scale Barding Armor
38:02 Elite Jarl
42:08 Two-Man Saw
43:31 Blast Furnace
42:51 Chain Barding Armor
43:09 Caravan
43:45 Coinage
44:40 Plate Barding Armor
43:40 Light Cavalry
44:53 Conscription
EqualGoat795961
1:11 Loom
10:52 Feudal Age
12:28 Horse Collar
12:37 Double-Bit Axe
18:43 Castle Age
17:15 Stone Mining
17:16 Gold Mining
20:42 Bow Saw
20:36 Heavy Plow
25:00 Town Watch
25:51 Wheelbarrow
26:51 Caravan
33:39 Imperial Age
31:42 Fletching
31:53 Padded Archer Armor
32:32 Gold Shaft Mining
33:21 Hand Cart
33:07 Town Patrol
33:15 Bodkin Arrow
33:36 Leather Archer Armor
33:47 Yeomen
33:36 Treadmill Crane
34:18 Ballistics
33:52 Heated Shot
34:01 Murder Holes
34:18 Masonry
34:50 Conscription
36:13 Two-Man Saw
35:54 Ring Archer Armor
35:25 Bracer
35:51 Siege Engineers
37:10 Chemistry
37:01 Hoardings
36:34 Arrowslits
37:24 Elite Longbowman
39:29 Warwolf
Tekz4987
0:45 Loom
11:23 Feudal Age
16:09 Castle Age
15:10 Double-Bit Axe
18:40 Bow Saw
20:18 Town Watch
21:45 Wheelbarrow
24:03 Hand Cart
23:49 Town Patrol
25:44 Gold Mining
27:17 Horse Collar
27:27 Stone Mining
28:15 Gold Shaft Mining
29:51 Fishing Lines
30:50 Town Patrol
34:24 Imperial Age
32:26 Medium Warships
35:33 Heavy Warships
34:37 Onager
36:15 Siege Onager
37:20 Ballistics
38:01 Chemistry
36:58 Murder Holes
37:11 Siege Engineers
37:17 Masonry
40:09 Two-Man Saw
39:54 Conscription
40:51 Coinage
40:21 Caravan
43:31 Elite Boyar
44:54 Husbandry
45:04 Bloodlines
44:15 Light Cavalry
46:47 Banking
50:42 Hussar
Connection lost

Rejoining the realm…

Still unreachable

The connection could not be restored.

Session expired

The server has moved on; the page needs a fresh start.